 Dungeon Crawl Stone Soup version 0.18.1-48-g4cf74bf (webtiles) character file.

25 torvon the Stinger (level 2, 0/21 HPs)
             Began as a Demonspawn Venom Mage on Aug 12, 2016.
             Succumbed to an adder's poison
             ... on level 2 of the Dungeon.
             The game lasted 00:04:27 (1190 turns).

torvon the Stinger (Demonspawn Venom Mage)          Turns: 1190, Time: 00:04:28

Health: 0/21       AC:  2    Str:  8    XL:     2   Next: 86%
Magic:  4/5        EV: 12    Int: 16    God:
Gold:   57         SH:  0    Dex: 13    Spells: 1 memorised, 4 levels left

rFire  . . .     SeeInvis .     n - +0 dagger (vamp)
rCold  . . .     Gourm    .     a - +0 robe
rNeg   . . .     Faith    .     (no shield)
rPois  .         Spirit   .     (no helmet)
rElec  .         Dismiss  .     (no cloak)
rCorr  .         Reflect  .     (no gloves)
SustAt .         Harm     .     (no boots)
MR     .....                    (no amulet)
Stlth  ++........               (no ring)
                                (no ring)

@: lethally poisoned (0 -> -5), not resistant to hostile enchantments,
unstealthy
A: powered by pain 1
a: no special abilities


You were on level 2 of the Dungeon.
You were not hungry.

You visited 1 branch of the dungeon, and saw 2 of its levels.

You collected 57 gold pieces.

Inventory:

Hand Weapons
 j - a +0 club
 n - a +0 vampiric dagger (weapon)
Missiles
 d - 35 bolts
 f - 51 arrows
 h - 4 tomahawks (quivered)
Armour
 a - a +0 robe (worn)
 k - a +0 cloak
Scrolls
 i - 2 scrolls of magic mapping {unknown}
 l - 3 scrolls of teleportation {unknown}
 m - a scroll of fog {unknown}
Potions
 c - a potion of flight {unknown}
 e - a potion of haste {unknown}
 g - a potion of brilliance {unknown}
 p - 2 potions of heal wounds {unknown}
Books
 b - a Young Poisoner's Handbook

   Spells                             Type                      Level
   a - Sting                          Conjuration/Poison           1
   b - Cure Poison                    Poison                       2
   c - Mephitic Cloud                 Conjuration/Poison/Air       3
   d - Olgreb's Toxic Radiance        Poison                       4
   e - Venom Bolt                     Conjuration/Poison           5
Comestibles
 o - a royal jelly


   Skills:
 + Level 1.2 Fighting
 + Level 2.2 Dodging
 - Level 1.7 Stealth
 - Level 2.0 Spellcasting
 + Level 4.4 Poison Magic


You had 4 spell levels left.
You knew the following spells:

 Your Spells              Type           Power        Failure   Level  Hunger
a - Sting                 Conj/Pois      #...         10%         1    #......


Dungeon Overview and Level Annotations

Branches:
Dungeon (2/15)

Altars:


Innate Abilities, Weirdness & Mutations

You sometimes gain a little power by taking damage.


Message History

There is a lethal amount of poison in your body!
There is a lethal amount of poison in your body!
There is a lethal amount of poison in your body!
There is a lethal amount of poison in your body!
There is a lethal amount of poison in your body!
There is a lethal amount of poison in your body!
There is a lethal amount of poison in your body!
* * * LOW HITPOINT WARNING * * *
You feel sick.
* * * LOW HITPOINT WARNING * * *
You feel sick.
* * * LOW HITPOINT WARNING * * *
You feel sick.
* * * LOW HITPOINT WARNING * * *
You feel sick.
* * * LOW HITPOINT WARNING * * *
You feel sick.
* * * LOW HITPOINT WARNING * * *
You feel sick.
You die...

... ### # #
... .. .. #.
..####.###
#.#. ##<.
..... ... ..#
#..#
#.##.###..###
#..%†#......#
#.@...##..#
#.....# .#
#####.# #
#..<#
#.########.#.#
#..........#.#
#.......#
#.####### #.


There were no monsters in sight!

Vanquished Creatures
  An adder (D:2)
  A dart slug (D:1)
  4 bats
  3 giant cockroaches (D:1)
  A goblin (D:1)
  A hobgoblin (D:1)
  A jackal (D:1)
  2 rats (D:1)
14 creatures vanquished.

Notes
Turn   | Place    | Note
--------------------------------------------------------------
     0 | D:1      | torvon the Demonspawn Venom Mage began the quest for the Orb.
     0 | D:1      | Reached XP level 1. HP: 13/13 MP: 3/3
   751 | D:1      | Gained mutation: You sometimes gain a little power by taking damage. [demonic ancestry]
   751 | D:1      | Reached XP level 2. HP: 19/20 MP: 1/5
  1174 | D:2      | Reached skill level 1 in Fighting
  1187 | D:2      | HP: 1/21 [poisoned by an adder]
  1190 | D:2      | Succumbed to an adder's poison

Skill      XL: |  1  2 |
---------------+-------+-----
Dodging        | 2 |  2.2
Fighting       | 1 |  1.2
Stealth        | |  1.7
Spellcasting   | |  2.0
Poison Magic   | |  4.4

Action                   || total
-------------------------++-------
Melee: Club              ||    12
       Unarmed           ||     2
       Dagger            ||    17
 Cast: Sting             ||    16
  Eat: Meat ration       ||     1
       Bread ration      ||     1
Armor: Robe              ||    16
Dodge: Dodged            ||    32
